 Dungeon Crawl Stone Soup version 0.26.1-11-gd32895ea62 (webtiles) character file.

Game seed: 15473762105616849947

53 DildoBatman the Conjurer (level 4, -3/30 HPs)
             Began as a Formicid Conjurer on May 17, 2021.
             Slain by an orc
             ... wielding a +0 falchion
              (6 damage)
             ... on level 3 of the Dungeon.
             The game lasted 00:03:12 (1213 turns).

DildoBatman the Conjurer (Formicid Conjurer)        Turns: 1213, Time: 00:03:13

Health: -3/30      AC:  6    Str: 12    XL:     4   Next: 10%
Magic:  6/7        EV: 12    Int: 18    God:
Gold:   77         SH:  0    Dex:  9    Spells: 4/7 levels left

rFire    . . .     SeeInvis +   a - +3 dagger
rCold    . . .     Faith    .   (no shield)
rNeg     . . .     Spirit   .   k - +0 robe
rPois    .         Reflect  .   (helmet unavailable)
rElec    .         Harm     .   (no cloak)
rCorr    .         Rampage  .   n - +2 pair of gloves
Will     .....                  d - +0 pair of boots
Stlth    ++........             (no amulet)
HPRegen  0.10/turn              (no ring)
MPRegen  0.10/turn              (no ring)

@: no status effects
A: permanent stasis, dig shafts and tunnels, four strong arms, antennae 3
a: Dig, Shaft Self


You were on level 3 of the Dungeon.
You visited 1 branch of the dungeon, and saw 3 of its levels.

You collected 77 gold pieces.

Inventory:

Hand Weapons
 a - a +3 dagger (weapon)
 o - a +0 hunting sling
Missiles
 c - 70 stones
 i - 11 poisoned darts
 m - 31 arrows
Armour
 d - a +0 pair of boots (worn)
 k - a +0 robe (worn)
 n - a +2 pair of gloves (worn)
Scrolls
 e - a scroll of magic mapping {unknown}
 g - 2 scrolls of identify {unknown}
 h - 4 scrolls of teleportation {unknown}
 l - a scroll of fear {unknown}
Potions
 b - a potion of resistance {unknown}
 f - a potion of curing {unknown}
 j - a potion of heal wounds {unknown}


   Skills:
 - Level 1.7 Dodging
 - Level 2.4 Stealth
 - Level 2.1 Spellcasting
 * Level 4.9 Conjurations


You had 4 spell levels left.
You knew the following spells:

 Your Spells              Type           Power        Failure   Level
a - Searing Ray           Conj           38%          3%          2
c - Magic Dart            Conj           76%          2%          1

Your spell library contained the following spells:

 Spells                   Type           Power        Failure   Level
 Dazzling Flash           Conj/Hex       20%          19%         3
 Fulminant Prism          Conj/Hex       5%           54%         4
 Iskenderun's Mystic Bla  Conj/Tloc      10%          54%         4


Dungeon Overview and Level Annotations

Branches:
Dungeon (2/15)

Altars:


Innate Abilities, Weirdness & Mutations

You cannot be hasted, slowed, berserked, paralysed or teleported.
You can dig through walls and to a lower floor.
Your four strong arms can wield two-handed weapons with a shield.
You have a pair of large antennae on your head. (SInv)


Message History

You shout for attention!
The orc hits you with a +0 flail. The orc barely misses you.
What are your orders? t - Shout!
Orders for allies: a - Attack new target. r - Retreat! s - Stop attacking. g - Guard the area. f - Follow me.
Anything else - Cancel.
You shout for attention!
The orc hits you with a +0 flail. What are your orders? t - Shout!
Orders for allies: a - Attack new target. r - Retreat! s - Stop attacking. g - Guard the area. f - Follow me.
Anything else - Cancel.
You shout for attention!
The orc hits you with a +0 falchion.
You die...

..#...$.#
..#.....#
.......#
#...<.#
#.....#
#.....#
..#...o.#
....[.o@#
...##.###
#


You could see 2 orcs.

Vanquished Creatures
  An adder (D:2)
  An ooze (D:1)
  2 bats (D:1)
  2 giant cockroaches (D:1)
  4 hobgoblins (D:1)
  7 jackals (D:1)
  8 kobolds
  A ball python (D:1)
  2 frilled lizards
  7 goblins
  4 rats
39 creatures vanquished.

Notes
Turn   | Place    | Note
-------+----------+-------------------------------------------
     0 | D:1      | DildoBatman the Formicid Conjurer began the quest for the
                  | Orb.
     0 | D:1      | Reached XP level 1. HP: 13/13 MP: 3/3
   163 | D:1      | Reached XP level 2. HP: 19/19 MP: 0/5
   170 | D:1      | Reached skill level 4 in Conjurations
   337 | D:1      | Learned a level 2 spell: Searing Ray
   429 | D:1      | Reached XP level 3. HP: 24/24 MP: 1/6
  1183 | D:2      | Reached XP level 4. HP: 24/30 MP: 3/7
  1185 | D:2      | You fall into a shaft and drop 1 floor!
  1213 | D:3      | Slain by an orc

Illustrated notes

Levels and vault maps discovered:
D:1:      ncdulo_wetmaze, layout_loops_corners
D:2:      layout_basic, lemuel_coloured_pillars_altar,
          nicolae_overflow_hidden_temple, hangedman_decor_lopped,
          fedhas_altar_3, uniq_natasha
D:3:      layout_rooms, cheibriados_altar_1

Skill      XL: |  1  2 |
---------------+-------+-----
Conjurations   | 4 |  4.9
Dodging        | |  1.7
Stealth        | |  2.4
Spellcasting   | |  2.1

Action                   |  1- 3 |  4- 6 || total
-------------------------+-------+-------++-------
Melee: Club              |     5 |       ||     5
       Short sword       |     9 |       ||     9
       Dagger            |    21 |       ||    21
 Cast: Magic Dart        |    38 |       ||    38
       Searing Ray       |     6 |       ||     6
 Abil: Dig               |     4 |       ||     4
       Shaft Self        |       |     1 ||     1
Armor: Robe              |    13 |     1 ||    14
Dodge: Dodged            |    25 |    17 ||    42
